 Dungeon Crawl Stone Soup version 0.31-a0-819-gf6de2f5ab6 (webtiles) character file.

Game seed: 8145390984370925452

96 qw the Shooter (level 4, -1/28 HPs)
             Began as a Gargoyle Hunter on Sept 23, 2023.
             Was an Initiate of Okawaru.
             Shot with an arrow by a centaur (7 damage)
             ... on level 4 of the Dungeon.
             The game lasted 00:00:48 (2409 turns).

qw the Shooter (Gargoyle Hunter)                    Turns: 2409, Time: 00:00:49

Health: -1/28      AC: 10    Str: 14    XL:     4   Next: 67%
Magic:  4/4        EV: 11    Int: 10    God:    Okawaru [......]
Gold:   168        SH:  0    Dex: 21    Spells: 3/3 levels left

rFire   . . .        Y - +1 shortbow
rCold   + . .        (shield currently unavailable)
rNeg    + . .        j - +0 ring mail
rPois   inf          h - +0 helmet
rElec   +            f - +0 cloak
rCorr   .            (no gloves)
SInv    .            (no boots)
Will    .....        (no amulet)
Stlth   +            a - +6 ring of dexterity
HPRegen 0.24/turn    c - ring of protection from cold
MPRegen 0.09/turn

%: no passive effects
@: about to teleport
A: sickness immunity, AC +3, negative energy resistance 1, electricity
resistance, torment resistance 1, petrification resistance
a: Renounce Religion


You were on level 4 of the Dungeon.
You worshipped Okawaru.
Okawaru was noncommittal.
You visited 2 branches of the dungeon, and saw 5 of its levels.

You collected 252 gold pieces.
You spent 84 gold pieces at shops.


Innate Abilities, Weirdness & Mutations

You are immune to sickness and miasma.
Your stone body is resilient. (AC +3)
You are immune to poison.
You resist negative energy. (rN+)
You are resistant to electric shocks. (rElec)
You are resistant to unholy torment.
You are immune to petrification.


   Skills:
 - Level 3.0 Fighting
 + Level 5.4 Ranged Weapons
 - Level 1.0 Armour
 - Level 1.5 Dodging
 - Level 1.1 Stealth


You had 3 spell levels left.
You didn't know any spells.
Your spell library was empty.

Inventory:

Hand Weapons
 Y - a +1 shortbow (weapon)
Armour
 f - a +0 cloak (worn)
 h - a +0 helmet (worn)
 j - a +0 ring mail (worn)
Jewellery
 a - a +6 ring of dexterity (left hand)
 c - a ring of protection from cold (right hand)
Scrolls
 b - 2 scrolls of identify
 d - 2 scrolls of teleportation
Potions
 k - 2 potions of curing

Dungeon Overview and Level Annotations

Branches:
Dungeon (4/15)             Temple (1/1) D:4

Altars:
Ashenzari
Dithmenos
Elyvilon
Fedhas
Gozag
Hepliaklqana
Kikubaaqudgha
Makhleb
Nemelex Xobeh
Okawaru
Qazlal
Sif Muna
Trog
Uskayaw
Vehumet
Wu Jian
Yredelemnul
Zin
The Shining One

Shops:
D:2 (?(!   D:3 (


Message History

Press < or > to pray at altars.
What level of the Dungeon? (default 4, ? - help) Press < or > to pray at altars.
You enter the shallow water.
Moving in this stuff is going to be slow.
There is a blossoming altar of Fedhas here.
There is a staircase back to the Dungeon here.
You climb upwards.
Welcome back to the Dungeon!
There is a staircase to the Ecumenical Temple here.
There is a fountain of clear blue water here.
You now have 157 gold pieces (gained 14).
b - 2 scrolls of identify (gained 1)
You now have 168 gold pieces (gained 11).
A centaur comes into view.
The centaur shouts!
The centaur wields a +0 orcbow.
The centaur shoots an arrow.
The arrow closely misses you.
You shoot an arrow. The arrow closely misses the centaur.
The centaur shoots an arrow.
The arrow hits you.
The centaur shoots an arrow.
The arrow closely misses you.
You shoot an arrow.
The arrow hits the centaur but does no damage.
The centaur shoots an arrow.
The arrow hits you!
You shoot an arrow. The arrow hits the centaur.
The centaur is lightly wounded.
The centaur shoots an arrow.
The arrow hits you.
The centaur shoots an arrow.
The arrow hits you.
You shoot an arrow. The arrow hits the centaur!
The centaur is heavily wounded.
The centaur shoots an arrow.
The arrow hits you.
You shoot an arrow. The arrow barely misses the centaur.
The centaur shoots an arrow.
The arrow hits you.
The centaur shoots an arrow.
The arrow hits you but does no damage.
2408 ||| READING 3 scrolls of teleportation.
As you read the scroll of teleportation, it crumbles to dust.
You feel strangely unstable.
You shoot an arrow. The arrow hits the centaur.
The centaur is almost dead.
The centaur shoots an arrow.
The arrow hits you!
You die...

.. ... ..# ....# #.#
....#########..#
..............#
.<###...............#
...... #...# ##@...#
#....# #...# ##.....#
##...###...###....#c#
......##...##....##
.# .......#...#....##
.. ...............##
.. ..............## #
. ...<..)........##..
.......#.8.8.8.....


You could see a centaur.

Vanquished Creatures
  3 adders
  2 worms (D:2)
  3 dart slugs
  3 ball pythons
  12 bats
  3 endoplasms (D:3)
  A giant cockroach (D:3)
  9 goblins
  2 hobgoblins
  3 kobolds
  4 quokkas
  A frilled lizard (D:3)
  7 rats
53 creatures vanquished.

Notes
Turn   | Place    | Note
-------+----------+-------------------------------------------
     0 | D:1      | qw the Gargoyle Hunter began the quest for the Orb.
     0 | D:1      | Reached XP level 1. HP: 12/12 MP: 1/1
     0 | D:1      | 0 ||| qw: Version: 0.3-a-83-gcd0e7d8
     0 | D:1      | 0 ||| qw: Game counter: 1375
     0 | D:1      | 0 ||| qw: Melee chars always use a shield: true
     0 | D:1      | 0 ||| qw: God list: Okawaru
     0 | D:1      | 0 ||| qw: Allow faded altars: false
     0 | D:1      | 0 ||| qw: Do Orc after clearing Dungeon:15 true
     0 | D:1      | 0 ||| qw: Do second Lair branch before Depths: true
     0 | D:1      | 0 ||| qw: Lair rune preference: random
     0 | D:1      | 0 ||| qw: Goals: Normal
     0 | D:1      | 0 ||| PLANNING D:1-11
   171 | D:1      | Reached XP level 2. HP: 17/17 MP: 2/2
   771 | D:1      | 771 ||| UPGRADING to +0 cloak.
   776 | D:1      | 776 ||| UPGRADING to +0 helmet.
   781 | D:1      | 781 ||| READING scroll labelled NIARPH TATHUU.
   782 | D:1      | 782 ||| READING scroll labelled ZITTOU KEWI.
   783 | D:1      | 783 ||| DROPPING scroll of butterflies.
   897 | D:2      | Reached XP level 3. HP: 21/21 MP: 3/3
   990 | D:2      | Reached skill level 5 in Ranged Weapons
  1010 | D:2      | Found a faded altar of an unknown god.
  1057 | D:2      | Found Gyinarph's Antique Weapon Boutique.
  1077 | D:2      | Found Wyor's Magic Scroll Shoppe.
  1083 | D:2      | 1083 ||| BUYING scroll of teleportation (42 gold).
  1083 | D:2      | Bought a scroll of teleportation for 42 gold pieces
  1083 | D:2      | 1083 ||| SHOPLISTING scroll of teleportation (42 gold, have
                  | 40).
  1151 | D:2      | Reached skill level 3 in Fighting
  1327 | D:2      | Found Ycuset's Antique Weapon Boutique.
  1398 | D:2      | Reached XP level 4. HP: 27/28 MP: 4/4
  1426 | D:2      | Found Ystrip's Distillery.
  1431 | D:2      | 1431 ||| BUYING potion of curing (42 gold).
  1431 | D:2      | Bought a potion of curing for 42 gold pieces
  1431 | D:2      | 1431 ||| SHOPLISTING potion of haste (140 gold, have 52).
  1431 | D:2      | 1431 ||| SHOPLISTING potion of heal wounds (70 gold, have
                  | 52).
  1504 | D:2      | 1504 ||| UPGRADING to +0 ring mail.
  1514 | D:2      | 1514 ||| DROPPING +0 leather armour.
  1515 | D:2      | 1515 ||| READING scroll labelled VOIXIB ODOITTO.
  1516 | D:2      | 1516 ||| READING scroll labelled ZAUKUDW OMIJARHEA.
  1517 | D:2      | 1517 ||| READING scroll labelled GOALET ZIPN.
  1518 | D:2      | 1518 ||| READING 2 scrolls of identify.
  1518 | D:2      | 1518 ||| IDENTIFYING fizzy blue potion
  1519 | D:2      | 1519 ||| DROPPING potion of lignification.
  1612 | D:3      | Reached skill level 1 in Armour
  1679 | D:3      | Found Xuibump's Weapon Boutique.
  2319 | D:3      | 2319 ||| UPGRADING to +6 ring of dexterity.
  2320 | D:3      | 2320 ||| UPGRADING to ring of protection from cold.
  2321 | D:3      | 2321 ||| READING scroll labelled KIUSEYC TASAUS.
  2322 | D:3      | 2322 ||| READING 2 scrolls of identify.
  2322 | D:3      | 2322 ||| IDENTIFYING pink potion
  2323 | D:3      | 2323 ||| DROPPING potion of attraction.
  2342 | D:4      | Found a staircase to the Ecumenical Temple.
  2343 | D:4      | 2343 ||| PLANNING TEMPLE
  2351 | Temple   | Entered the Ecumenical Temple
  2352 | Temple   | 2352 ||| PLANNING OKAWARU WORSHIP
  2365 | Temple   | Became a worshipper of Warmaster Okawaru
  2366 | Temple   | 2366 ||| PLANNING D:1-11
  2402 | D:4      | Noticed a centaur
  2407 | D:4      | HP: 6/28 [centaur/arrow (4)]
  2408 | D:4      | 2408 ||| READING 3 scrolls of teleportation.
  2409 | D:4      | Shot with an arrow by a centaur

Levels and vault maps discovered:
D:1:      elethiomel_arrival_maze, layout_basic
D:2:      layout_loops_cross, serial_shops, nicolae_shop_getting_attention,
          shop, shop, shop, shapermc_ecumenical_altar_mp_urbaneastern,
          minmay_split_cup_large
D:3:      layout_basic, serial_shops, shop, roderic_batcave
D:4:      layout_layer_cave, minmay_temple_entry_statues_fountains
Temple:   nicolae_temple_bog_church

Skill      XL: |  1  2  3  4 |
---------------+-------------+-----
Ranged Weapons | 5 |  5.4
Fighting       | 3 |  3.0
Armour         | 1 |  1.0
Dodging        | |  1.5
Stealth        | |  1.1

Action                     |  1- 3 |  4- 6 || total
---------------------------+-------+-------++-------
   Fire: Shortbow          |   104 |    73 ||   177
    Use: Scroll            |     2 |     7 ||     9
 Armour: Leather armour    |    28 |       ||    28
         Ring mail         |       |    53 ||    53
  Dodge: Dodged            |    30 |    35 ||    65

Table legend:
 A = Non-vault XP
 B = Vault XP
 C = Vault XP percentage of total XP
 D = Non-vault monster count
 E = Vault monster count
 F = Vault count percentage of total count
                 A         B        C        D         E       F
            +---------+---------+-------+---------+---------+-------
      Total |      93 |      45 |  32.6 |      40 |      13 |  24.5
            +---------+---------+-------+---------+---------+-------
        D:1 |      29 |       0 |   0.0 |      14 |       0 |   0.0
        D:2 |      25 |      30 |  54.5 |       9 |       4 |  30.8
        D:3 |      37 |      15 |  28.8 |      16 |       9 |  36.0
        D:4 |       2 |       0 |   0.0 |       1 |       0 |   0.0
            +---------+---------+-------+---------+---------+-------
